AoeStats
← Kitiastri
◆

Rage Forest 2026

500431030Analyzed
4v4 RM · 1mo ago on Aug 18, 2026· 40m 44s· 8 players
Game mode
Random Map
Map size
Large (8 player)
Population
200
Speed
Normal
Resources
Standard
Victory
Conquest
Starting age
Dark Age
Ending age
Dark Age
RankedLock teamsTeams togetherTeam positionsShared explorationLock speedFull tech treeHidden civsTurbo modeCheats
Victory
Defeat
🇲🇦 Wu · Morocco
1496
+12
🇮🇳 Inca · India
1433
+15
🇩🇪 Chinese · Germany
1392
+17
🇬🇧 Koreans · United Kingdom
1339
+20
🇸🇪 Burgundians · Sweden
1590
-23
🇹🇷 Berbers · Türkiye
1416
-16
🇹🇷 Portuguese · Türkiye
1374
-14
🇳🇴 Lithuanians · Norway
1290
-10
SleepySwede
0:54 Loom
6:36 Double-Bit Axe
11:29 Feudal Age
10:26 Fishing Lines
14:29 Bow Saw
14:32 Gillnets
19:59 Gold Mining
22:45 Castle Age
21:47 Gold Shaft Mining
22:07 Wheelbarrow
24:57 Two-Man Saw
27:07 Imperial Age
25:26 Scale Barding Armor
26:24 Chain Barding Armor
26:28 Forging
25:49 Cavalier
26:58 Husbandry
29:00 Chemistry
27:25 Paladin
29:05 Plate Barding Armor
29:26 Iron Casting
30:26 Wheelbarrow
32:04 Blast Furnace
32:27 Padded Archer Armor
33:57 Leather Archer Armor
37:19 Arson
38:07 Scale Mail Armor
37:56 Light Cavalry
Horagalles
4:56 Loom
11:06 Feudal Age
14:51 Castle Age
12:56 Double-Bit Axe
12:54 Horse Collar
16:12 Bow Saw
18:42 Bloodlines
20:02 Bloodlines
28:51 Wheelbarrow
33:24 Imperial Age
31:12 Heavy Plow
31:04 Gold Mining
31:11 Stone Mining
35:27 Guilds
35:19 Devotion
34:43 Cavalier
35:43 Caravan
36:15 Conscription
39:05 Chemistry
39:01 Padded Archer Armor
Magnificent
4:44 Loom
11:54 Feudal Age
13:18 Double-Bit Axe
16:32 Castle Age
14:22 Horse Collar
19:14 Gold Mining
20:28 Bow Saw
25:16 Stone Mining
26:40 Wheelbarrow
27:57 Stone Shaft Mining
27:57 Gold Shaft Mining
28:31 Heavy Plow
32:23 Imperial Age
30:08 Hand Cart
29:38 Town Watch
31:24 Padded Archer Armor
33:44 Leather Archer Armor
34:30 Chemistry
34:00 Conscription
34:17 Crop Rotation
33:52 Caravan
34:22 Coinage
35:18 Ring Archer Armor
34:55 Kasbah
35:36 Fletching
JARDANI1299
0:42 Loom
11:51 Feudal Age
13:31 Double-Bit Axe
19:09 Fletching
20:36 Fishing Lines
31:52 Castle Age
30:49 Gold Mining
35:47 Imperial Age
33:30 Fortified Wall
34:43 Gillnets
38:23 Bow Saw
Kitiastri
0:37 Loom
12:34 Feudal Age
17:30 Fletching
18:48 Town Watch
24:53 Castle Age
24:09 Horse Collar
24:23 Fishing Lines
26:10 Double-Bit Axe
27:23 Heavy Plow
31:10 Gillnets
33:19 Wheelbarrow
34:57 Coinage
37:33 Imperial Age
35:03 Bodkin Arrow
35:55 Bow Saw
36:07 Ballistics
35:18 Crossbowman
36:04 Thumb Ring
37:19 Eupseong
38:16 Bracer
39:17 Chemistry
38:54 Banking
39:56 Guilds
39:18 Arbalester
41:27 Hand Cart
41:08 Gold Mining
41:08 Stone Mining
Armitte
0:30 Loom
12:42 Feudal Age
16:25 Castle Age
14:13 Double-Bit Axe
14:23 Fishing Lines
18:59 Bow Saw
21:25 Wheelbarrow
21:47 Gillnets
28:54 Imperial Age
26:35 Gold Mining
27:44 Hand Cart
27:45 Pikeman
29:06 Gold Shaft Mining
28:21 Stone Mining
28:59 Squires
29:38 Coinage
29:36 Forging
29:11 Heavy Rocket Cart
29:43 Arson
29:49 Halberdier
31:30 Iron Casting
31:47 Conscription
34:57 Banking
37:33 Two-Man Saw
38:10 Blast Furnace
37:11 Scale Mail Armor
39:23 Rocketry
39:26 Guard Tower
41:01 Fortified Wall
Zni.Kark01
1:26 Loom
14:38 Feudal Age
14:45 Champi Runner
19:13 Double-Bit Axe
23:03 Horse Collar
27:32 Castle Age
25:57 Scale Mail Armor
26:08 Forging
28:22 Town Watch
28:00 Pikeman
28:57 Chain Mail Armor
29:30 Bow Saw
29:24 Champi Warrior
30:05 Gold Mining
37:25 Iron Casting
37:17 Heavy Plow
38:38 Wheelbarrow
38:49 Fletching
39:01 Padded Archer Armor
40:34 Squires
Youssef
12:10 Feudal Age
13:08 Double-Bit Axe
15:54 Castle Age
17:53 Bow Saw
19:38 Wheelbarrow
18:52 Fishing Lines
19:37 Gillnets
23:34 Gold Mining
23:58 Loom
28:37 Imperial Age
26:40 Fletching
26:51 Padded Archer Armor
26:57 Scale Mail Armor
27:07 Forging
27:43 Gold Shaft Mining
27:02 Stone Mining
27:55 Chain Mail Armor
27:38 Horse Collar
27:23 Pikeman
28:03 Squires
29:15 Iron Casting
29:32 Stone Shaft Mining
29:34 Hand Cart
28:41 Halberdier
30:07 Plate Mail Armor
29:52 Arson
30:33 Conscription
30:38 Ballistics
31:20 Chemistry
30:51 Onager
32:17 Sitting Tiger
35:53 Fletching
36:04 Padded Archer Armor
37:04 Blast Furnace
35:46 Elite Fire Archer
37:01 Coinage
40:24 Banking
Connection lost

Rejoining the realm…

Still unreachable

The connection could not be restored.

Session expired

The server has moved on; the page needs a fresh start.